 Dungeon Sprint DCSS version 0.21.1-1-g345015f (webtiles) character file.

8800000 Fang the Axe Maniac (level 27, -51/273 HPs)
             Began as a Minotaur Gladiator on May 9, 2018.
             Was the Champion of Makhleb.
             Annihilated by a sculptor of flesh
             ... wielding a +9 great sword
              (77 damage)
             ... in the Dungeon (Sprint VIII: "Arena of Blood").
             The game lasted 00:01:23 (88 turns).

Fang the Axe Maniac (Minotaur Gladiator)              Turns: 88, Time: 00:01:23

Health: -51/273    AC:  6    Str: 32    XL:     27
Magic:  31/53      EV: 28    Int:  5    God:    Makhleb [******]
Gold:   0          SH:  0    Dex: 12    Spells: 80/80 levels left

rFire    . . .     SeeInvis .   l - +∞ Axe of Woe
rCold    . . .     Gourm    .   (shield currently unavailable)
rNeg     . . .     Faith    .   b - +0 leather armour
rPois    .         Spirit   .   c - +0 hat
rElec    .         Reflect  .   (no cloak)
rCorr    .         Harm     .   (no gloves)
MR       ++...     NoTele   +   (no boots)
Stlth    +++++++++.             (no amulet)
HPRegen  0.55/turn              (no ring)
MPRegen  0.33/turn              (no ring)

@: no status effects
A: retaliatory headbutt, horns 2
a: Minor Destruction, Lesser Servant of Makhleb, Major Destruction, Greater
Servant of Makhleb, Renounce Religion


You were in the Dungeon.
You worshipped Makhleb.
Makhleb was exalted by your worship.
You were not hungry.

You visited 1 branch

Inventory:

Hand Weapons
 a - a +0 war axe
 l - the +∞ Axe of Woe (weapon)
   (You found it in the Dungeon)
Missiles
 d - 3 throwing nets (quivered)
Armour
 b - a +0 leather armour (worn)
 c - a +0 hat (worn)
Scrolls
 k - a scroll of blinking
Potions
 e - a potion of curing
 g - a potion of heal wounds
 h - a potion of haste
 i - 2 potions of magic
 j - a potion of berserk rage
Comestibles
 f - a ration


   Skills:
 O Level 27 Fighting
 O Level 27 Axes
 O Level 27 Throwing
 O Level 27 Armour
 O Level 27 Dodging
 O Level 27 Stealth
 O Level 27 Unarmed Combat
 O Level 27 Spellcasting
 O Level 27 Invocations


You had 80 spell levels left.
You didn't know any spells.

Dungeon Overview and Level Annotations

Branches:
Dungeon (1/1)

Altars:
Makhleb


Innate Abilities, Weirdness & Mutations

You reflexively headbutt those who attack you in melee.
You have a pair of horns on your head.


Message History

The large bag of meat convulses!
The meat berserker convulses! x2
Your body is wracked with pain!
* * * LOW HITPOINT WARNING * * *
The large bag of meat convulses!
The bag of meat convulses!
The meat berserker convulses!
You hear a shout! x4
An orc and 2 ogres come into view.
Items here: )))) ==== † You are too injured to fight recklessly!
Unknown command.
You are too injured to fight recklessly!
The meat berserker hits you with a +9 battleaxe!!
* * * LOW HITPOINT WARNING * * *
You hear a shout!
The meat berserker completely misses you.
The meat beast appears out of thin air!
A meat beast comes into view.
You hear a shout!
The sculptor of flesh hits you with a +9 great sword!!!!
You die...

#.......#.....#......
..#......oOV..)......
.........O###.)......
.....###....2..###...
.......#WM.).).# . ..
...O.D.#..))...#..
..%%.%.)))..%......
.#....)).zO........#
#......)))@OW.o%..#.
.#.O..))).O.....##..
#.....#V)X§....#....
......).)).....#..
.....##)#)....o..
...............O..
.####..%.#..%..###
..............
...............


You could see an accursed, a meat beast (wandering), an eight-headed meat hydra,
a destroyer, a sculptor of flesh, 2 large bags of meat, a large abomination, 2
dreads, 5 meat berserkers and 3 bags of meat.

Vanquished Creatures
  2 hell beasts (D)
  A greater mummy (D)
  A wraith (D)
  5 vampire knights (D)
  27 ogres (D)
  5 two-headed ogres (D)
  3 liches (D)
  2 hydras (D)
  30 orcs (D)
  4 skeletal warriors (D)
  3 large abominations (D)
  5 small abominations (D)
  9 crawling corpses (D)
97 creatures vanquished.

Vanquished Creatures (others)
  A hydra (D)
  3 crawling corpses (D)
4 creatures vanquished.

Grand Total: 101 creatures vanquished

Notes
Turn   | Place    | Note
-------+----------+-------------------------------------------
     0 | D        | Found the +∞ Axe of Woe
     0 | D        | Fang the Minotaur Gladiator began the quest for the Orb.
     0 | D        | Reached XP level 1. HP: 18/18 MP: 0/0
     3 | D        | Noticed a bag of meat
     4 | D        | Became a worshipper of Makhleb the Destroyer
     7 | D        | Noticed a bag of meat
     7 | D        | Killed a bag of meat
     7 | D        | Reached XP level 2. HP: 41/41 MP: 1/1
     7 | D        | Reached XP level 3. HP: 48/48 MP: 2/2
     7 | D        | Reached XP level 4. HP: 56/56 MP: 3/3
     7 | D        | Reached XP level 5. HP: 62/62 MP: 4/4
     7 | D        | Reached XP level 6. HP: 70/70 MP: 5/5
     7 | D        | Reached XP level 7. HP: 77/77 MP: 6/6
     7 | D        | Reached XP level 8. HP: 83/83 MP: 7/7
     7 | D        | Reached XP level 9. HP: 90/90 MP: 8/8
     7 | D        | Reached XP level 10. HP: 97/97 MP: 9/9
     7 | D        | Reached XP level 11. HP: 104/104 MP: 10/10
     8 | D        | Noticed a meat berserker
     9 | D        | Noticed a bag of meat
    10 | D        | Noticed a meat berserker
    10 | D        | Killed a meat berserker
    10 | D        | Reached * piety under Makhleb
    10 | D        | Reached skill level 15 in Fighting
    10 | D        | Reached XP level 12. HP: 119/119 MP: 11/11
    10 | D        | Reached XP level 13. HP: 126/126 MP: 12/12
    11 | D        | Noticed a bag of meat
    11 | D        | Noticed a bag of meat
    13 | D        | Killed a bag of meat
    13 | D        | Reached skill level 27 in Axes
    13 | D        | Reached XP level 14. HP: 119/137 MP: 13/13
    14 | D        | Noticed a bag of meat
    14 | D        | Killed a bag of meat
    14 | D        | Killed a meat berserker
    14 | D        | Reached ** piety under Makhleb
    14 | D        | Reached skill level 27 in Dodging
    14 | D        | Reached XP level 15. HP: 162/162 MP: 14/14
    17 | D        | Reached skill level 27 in Fighting
    17 | D        | Reached XP level 16. HP: 183/183 MP: 15/15
    18 | D        | Noticed a meat berserker
    18 | D        | Noticed a meat berserker
    20 | D        | Noticed a large bag of meat
    20 | D        | Reached *** piety under Makhleb
    21 | D        | Reached skill level 27 in Throwing
    22 | D        | Noticed a meat berserker
    22 | D        | Noticed a meat berserker
    23 | D        | Killed a meat berserker
    23 | D        | Reached skill level 10 in Unarmed Combat
    23 | D        | Reached XP level 17. HP: 191/191 MP: 15/26
    24 | D        | Noticed a meat berserker
    24 | D        | Killed a meat berserker
    24 | D        | Reached **** piety under Makhleb
    24 | D        | Reached skill level 15 in Armour
    25 | D        | Noticed a meat berserker
    25 | D        | Noticed a large bag of meat
    25 | D        | Noticed a large bag of meat
    26 | D        | Noticed a large bag of meat
    26 | D        | Killed a meat berserker
    26 | D        | Reached skill level 15 in Invocations
    26 | D        | Reached XP level 18. HP: 200/200 MP: 15/32
    27 | D        | Noticed a meat berserker
    27 | D        | Noticed a destroyer
    27 | D        | Noticed a meat berserker
    28 | D        | Noticed a meat berserker
    28 | D        | Killed a meat berserker
    28 | D        | Killed a meat berserker
    28 | D        | Reached XP level 19. HP: 207/207 MP: 15/36
    29 | D        | Killed a meat berserker
    29 | D        | Reached ***** piety under Makhleb
    29 | D        | Reached skill level 15 in Spellcasting
    30 | D        | Noticed a destroyer
    30 | D        | Killed a large bag of meat
    30 | D        | Reached XP level 20. HP: 216/216 MP: 16/40
    31 | D        | Noticed a meat berserker
    32 | D        | Noticed a destroyer
    32 | D        | Killed a meat berserker
    32 | D        | Reached skill level 27 in Armour
    32 | D        | Reached skill level 27 in Unarmed Combat
    32 | D        | Killed a large bag of meat
    32 | D        | Reached skill level 27 in Invocations
    32 | D        | Reached XP level 21. HP: 191/224 MP: 16/44
    32 | D        | Killed a large bag of meat
    32 | D        | Reached skill level 27 in Stealth
    32 | D        | Killed a destroyer
    32 | D        | Reached ****** piety under Makhleb
    33 | D        | Killed a large bag of meat
    33 | D        | Reached skill level 27 in Spellcasting
    33 | D        | Reached XP level 22. HP: 233/233 MP: 16/52
    34 | D        | Killed a destroyer
    34 | D        | Reached XP level 23. HP: 240/240 MP: 17/53
    39 | D        | Killed a destroyer
    39 | D        | Reached XP level 24. HP: 249/249 MP: 18/53
    40 | D        | Noticed a destroyer
    44 | D        | Noticed a destroyer
    46 | D        | Noticed a large bag of meat
    46 | D        | Killed a destroyer
    46 | D        | Reached XP level 25. HP: 70/257 MP: 20/53
    47 | D        | Noticed a tyrant
    49 | D        | Killed a destroyer
    50 | D        | Noticed a tyrant
    53 | D        | Killed a tyrant
    53 | D        | Reached XP level 26. HP: 105/266 MP: 22/53
    53 | D        | Killed a large bag of meat
    55 | D        | Noticed a tyrant
    57 | D        | HP: 3/266 [meat berserker/+9 battleaxe (70)]
    59 | D        | Killed a tyrant
    60 | D        | Noticed an accursed
    63 | D        | Noticed a dread
    63 | D        | Reached XP level 27. HP: 273/273 MP: 24/53
    65 | D        | Killed an accursed
    67 | D        | Killed a tyrant
    69 | D        | Killed a dread
    70 | D        | Noticed a meat beast
    76 | D        | Killed a meat beast
    77 | D        | Noticed a meat beast
    80 | D        | Killed a meat beast
    81 | D        | Noticed a large bag of meat
    82 | D        | Noticed a dread
    83 | D        | Noticed a destroyer
    83 | D        | Noticed a dread
    85 | D        | Noticed an accursed
    87 | D        | Noticed a large bag of meat
    87 | D        | Noticed a destroyer
    88 | D        | Annihilated by a sculptor of flesh

Skill      XL: |  1  2  3  4  5  6  7  8  9 10 11 12 13 14 15 16 17 18 19 20 21 |
---------------+----------------------------------------------------------------+-----
Fighting       | 12 15 16 22 27 | 27.0
Axes           | 21 25 27 | 27.0
Throwing       | 9 12 13 18 21 27 | 27.0
Dodging        | 18 22 24 27 | 27.0
Armour         | 11 18 22 26 27 | 27.0
Stealth        | 8 14 18 21 25 27 | 27.0
Unarmed Combat | 10 16 20 24 27 | 27.0
Spellcasting   | 6 11 14 17 20 27 | 27.0
Invocations    | 9 15 19 22 27 | 27.0

Action                   |  1- 3 |  4- 6 |  7- 9 | 10-12 | 13-15 | 16-18 | 19-21 | 22-24 | 25-27 || total
-------------------------+-------+-------+-------+-------+-------+-------+-------+-------+-------++-------
Melee: Executioner's axe |     1 |       |       |     1 |     4 |     6 |     4 |    10 |    24 ||    50
Armor: Leather armour    |       |       |       |       |       |       |       |       |     1 ||     1
Dodge: Dodged            |       |       |       |       |       |     2 |     1 |     1 |     9 ||    13
